 Dungeon Crawl Stone Soup version 0.28.0 (webtiles) character file.

Game seed: 11961499473306138783

0 psuckher the Sneak (level 1, -1/16 HPs)
             Began as a Demonspawn Delver on Feb 15, 2022.
             Was an Initiate of Nemelex Xobeh.
             Succumbed to an orc's poison
             ... on level 4 of the Dungeon.
             The game lasted 00:01:28 (127 turns).

psuckher the Sneak (Demonspawn Delver)               Turns: 127, Time: 00:01:28

Health: -1/16      AC:  1    Str: 12    XL:     1   Next: 0%
Magic:  1/1        EV: 12    Int: 11    God:    Nemelex Xobeh [......]
Gold:   0          SH:  0    Dex: 14    Spells: 0/0 levels left

rFire   . . .      SeeInvis .   a - +0 hand axe
rCold   . . .      Faith    .   (no shield)
rNeg    . . .      Spirit   .   b - +0 leather armour
rPois   .          Reflect  .   (no helmet)
rElec   .          Harm     .   (no cloak)
rCorr   .          Rampage  .   (no gloves)
Will    .....                   (no boots)
Stlth   +++.......              (no amulet)
HPRegen 0.05/turn               (no ring)
MPRegen 0.07/turn               (no ring)

@: lethally poisoned (-1 -> -17)
A: deformed body, frail 1, high MP 1, sturdy frame 1
a: Renounce Religion, Draw Escape, Draw Destruction, Draw Summoning


You were on level 4 of the Dungeon.
You worshipped Nemelex Xobeh.
Nemelex Xobeh was noncommittal.
You visited 1 branch of the dungeon, and saw 2 of its levels.

Inventory:

Hand Weapons
 a - a +0 hand axe (weapon)
Armour
 b - a +0 leather armour (worn)
Wands
 g - a wand of digging (3)
Scrolls
 c - 2 scrolls of fog
 d - a scroll of magic mapping
 e - a scroll of fear
Potions
 f - a potion of haste


   Skills:
 + Level 3.0 Fighting
 + Level 1.7 Axes
 + Level 1.7 Dodging
 + Level 4.5 Stealth


You couldn't memorise any spells.
You didn't know any spells.
Your spell library was empty.

Dungeon Overview and Level Annotations

Branches:
Dungeon (5/15)
 Temple: D:4-7

Altars:
Nemelex Xobeh


Innate Abilities, Weirdness & Mutations

Armour fits poorly on your strangely shaped body.
You are frail. (-10% HP)
You have an increased reservoir of magic. (+10% MP)
Your movements are slightly less encumbered by armour. (ER -2)


Message History

You closely miss the orc.
An orc priest comes into view. It is wielding a +0 dagger.
The orc misses you.
The orc priest shouts!
The orc wizard shouts!
You hit the orc.
The orc is lightly wounded.
The orc wizard mumbles some strange words.
The orc wizard flickers and vanishes!
Deactivating autopickup; reactivate with Ctrl-A.
The orc barely misses you.
An orc comes into view. It is wielding a +0 flail.
The orc moves out of view.
Something tries to affect you, but you resist.
There is an open door here.
The orc barely misses you.
There is a stone staircase leading down here.
You hit the orc.
The orc is moderately wounded.
The orc hits you with a +1 dagger of venom.
You are poisoned.
You hit the orc.
The orc is heavily wounded.
You feel very sick. The orc hits you but does no damage.
You are lethally poisoned!
You closely miss the orc.
The orc is heavily wounded.
You feel very sick. The orc barely misses you.
You closely miss the orc.
The orc is heavily wounded.
You feel sick.
The orc hits you with a +1 dagger of venom.
* * * LOW HITPOINT WARNING * * *
You are more poisoned.
It was a potion of mutation.
You feel extremely strange.
You feel less encumbered by your armour.
You feel frail.
Your body twists and deforms.
You feel more energetic.
You die...
Your body disappears without a glow.

#..... #^....
#..... ##.....
.......
.......#######
.............####
♣...........o'o@#
♣####........####
............#
.............#
o......##.P.##
.......≈PP≈.#
.....PP≈≈≈≈P.
.#.P≈≈♣P≈♣≈≈..


You could see 2 orcs.

Vanquished Creatures (others)
  2 plants (D:4)
2 creatures vanquished.

Notes
Turn   | Place    | Note
-------+----------+-------------------------------------------
     0 | D:5      | psuckher the Demonspawn Delver began the quest for the Orb.
     0 | D:5      | Reached XP level 1. HP: 18/18 MP: 1/1
    53 | D:5      | Noticed an ice beast
    68 | D:5      | Found a sparkling altar of Nemelex Xobeh.
    72 | D:5      | Became a worshipper of Nemelex Xobeh the Trickster
   112 | D:4      | Noticed an orc wizard
   113 | D:4      | Noticed an orc priest
   127 | D:4      | Gained mutation: Your movements are slightly less
                  | encumbered by armour. (ER -2) [potion of mutation]
   127 | D:4      | Gained mutation: You are frail. (-10% HP) [potion of
                  | mutation]
   127 | D:4      | Gained mutation: Armour fits poorly on your strangely
                  | shaped body. [potion of mutation]
   127 | D:4      | Gained mutation: You have an increased reservoir of magic.
                  | (+10% MP) [potion of mutation]
   127 | D:4      | Succumbed to an orc's poison

Illustrated notes

Levels and vault maps discovered:
D:4:      layout_basic, serial_bayou, serial_bayou_lagoon_a,
          serial_bayou_pond_c, serial_bayou_lagoon_b, serial_bayou_lake_a
D:5:      kennysheep_kobold_camp, layout_gridville, nemelex_diamond_rough_becter

Action                   || total
-------------------------++-------
Melee: Hand axe          ||     6
  Use: Potion            ||     1
Armor: Leather armour    ||     1
Dodge: Dodged            ||     4
